 Dungeon Crawl Stone Soup version 0.29-a0-925-g0a7a3d12f8 (webtiles) character file.

Game seed: 15311336518652305897

1985 gruber the Firebug (level 9, -1/45 HPs)
             Began as a Gargoyle Fire Elementalist on July 28, 2022.
             Slain by a yak (13 damage)
             ... on level 7 of the Dungeon.
             The game lasted 00:11:53 (8391 turns).

gruber the Firebug (Gargoyle Fire Elementalist)     Turns: 8391, Time: 00:11:53

Health: -1/45      AC:  9    Str: 17    XL:     9   Next: 21%
Magic:  10/16      EV: 11    Int: 21    God:
Gold:   237        SH:  5    Dex: 10    Spells: 11/18 levels left

rFire   . . .      SeeInvis .   a - +6 long sword (freeze)
rCold   . . .      Faith    .   w - +0 buckler
rNeg    + . .      Spirit   .   u - +1 robe {Will+}
rPois   ∞          Reflect  .   (no helmet)
rElec   +          Harm     .   (no cloak)
rCorr   .          Rampage  .   (no gloves)
Will    ++...                   (no boots)
Stlth   ++........              (no amulet)
HPRegen 0.15/turn               g - ring of willpower
MPRegen 0.15/turn               v - +6 ring of strength

@: no status effects
A: sickness immunity, AC +6, negative energy resistance 1, electricity
resistance, torment resistance 1, petrification resistance
a: no special abilities


You were on level 7 of the Dungeon.
You visited 1 branch of the dungeon, and saw 7 of its levels.
You also visited: Ossuary.

You collected 237 gold pieces.

Inventory:

Hand Weapons
 a - a +6 long sword of freezing (weapon)
 D - a +2 dagger of venom
Armour
 u - a +1 robe of willpower (worn)
 w - a +0 buckler (worn)
Jewellery
 g - a ring of willpower (left hand)
 v - a +6 ring of strength (right hand)
Wands
 n - a wand of digging (4)
 p - a wand of roots (9)
Scrolls
 e - 4 scrolls of teleportation {unknown}
 i - 3 scrolls of poison {unknown}
 j - 3 scrolls of identify {unknown}
 l - a scroll of blinking {unknown}
 m - 4 scrolls of enchant weapon {unknown}
 o - 2 scrolls of butterflies {unknown}
 s - 2 scrolls of immolation {unknown}
 y - 2 scrolls of fear {unknown}
 A - 2 scrolls of noise {unknown}
 B - a scroll of silence {unknown}
 C - a scroll of amnesia {unknown}
Potions
 b - 2 potions of magic
 c - 5 potions of mutation {unknown}
 d - 2 potions of attraction {unknown}
 f - 2 potions of lignification {unknown}
 h - a potion of ambrosia {unknown}
 k - a potion of haste {unknown}
 q - 2 potions of brilliance {unknown}
 r - 4 potions of heal wounds {unknown}
 x - a potion of might {unknown}
 z - a potion of experience {unknown}


   Skills:
 - Level 0.2 Long Blades
 - Level 0.2(0.4) Axes
 - Level 0.2(0.4) Maces & Flails
 - Level 0.4(0.5) Polearms
 - Level 0.2(0.5) Staves
 - Level 0.2 Ranged Weapons
 - Level 0.2 Throwing
 - Level 1.5 Dodging
 - Level 2.1 Stealth
 - Level 5.8 Shields
 - Level 5.0 Spellcasting
 * Level 6.2 Conjurations
 - Level 0.2 Hexes
 - Level 0.2 Summonings
 - Level 0.2 Necromancy
 - Level 0.2 Translocations
 - Level 0.1 Transmutations
 - Level 6.9 Fire Magic
 - Level 0.5 Ice Magic
 - Level 0.1 Air Magic
 - Level 0.4 Earth Magic
 - Level 0.3 Poison Magic
 - Level 0.4 Invocations
 - Level 0.2 Evocations


You had 11 spell levels left.
You knew the following spells:

 Your Spells              Type           Power      Damage    Failure   Level
a - Foxfire               Conj/Fire      100%       2x1d9     1%          1
b - Scorch                Fire           68%        2d8       1%          2
c - Flame Wave            Conj/Fire      33%        2d10      9%          4

Your spell library contained the following spells:

 Spells                   Type           Power      Damage    Failure   Level
 Magic Dart               Conj           100%       1d8       1%          1
 Searing Ray              Conj           62%        2d6       1%          2
 Conjure Flame            Conj/Fire      33%        6-21      2%          3
 Inner Flame              Hex/Fire       20%        N/A       10%         3
 Freeze                   Ice            28%        1d5       11%         1
 Frozen Ramparts          Ice            14%        1d3       32%         3
 Hailstorm                Conj/Ice       19%        3d6       32%         4
 Fulminant Prism          Conj/Hex       9%         3d7       34%         4
 Lightning Bolt           Conj/Air       9%         1d21      71%         5
 Airstrike                Air            3%         0-2+      77%         4
 Summon Lightning Spire   Summ/Air       6%         N/A       77%         4
 Summon Forest            Summ/Tloc      3%         N/A       98%         5
 Eringya's Noxious Bog    Tmut/Pois      3%         N/A       100%        6
 Summon Hydra             Summ           3%         N/A       100%        7


Dungeon Overview and Level Annotations

Branches:
Dungeon (7/15)            Ossuary (visited)
 Temple: D:4-7

Altars:
Kikubaaqudgha
Sif Muna

Shops:
D:1 (   D:6 *[??(

Annotations:
D:3 2 runed translucent doors, Sigmund


Innate Abilities, Weirdness & Mutations

You are immune to sickness and miasma.
Your stone body is resilient. (AC +6)
You are immune to poison.
You resist negative energy. (rN+)
You are resistant to electric shocks. (rElec)
You are resistant to unholy torment.
You are immune to petrification.


Message History

The yak bellows!
The orc shouts!
There are monsters nearby!
A shadow imp comes into view.
You conjure some foxfire!
You conjure some foxfire!
The foxfire hits the yak.
The yak is lightly wounded.
The foxfire hits the yak but does no damage.
The yak is lightly wounded.
The yak gores you but does no damage.
You conjure some foxfire!
The foxfire hits the yak.
The yak is lightly wounded.
The foxfire hits the yak!
The yak is moderately wounded.
The yak closely misses you.
The foxfire hits the yak.
The yak is lightly wounded.
You conjure some foxfire!
The foxfire hits the yak.
The yak is moderately wounded.
The yak gores you.
You conjure some foxfire!
The foxfire hits the yak.
The yak is moderately wounded.
The foxfire hits the yak!
The yak is heavily wounded.
You block the yak's attack. The yak gores you.
The foxfire hits the yak but does no damage.
You conjure some foxfire!
The foxfire hits the yak!
The yak is moderately wounded.
The yak gores you. The yak barely misses you.
You conjure some foxfire!
The foxfire hits the yak but does no damage.
The yak is heavily wounded.
The foxfire hits the yak!
The yak is severely wounded.
The yak gores you! x2
* * * LOW HITPOINT WARNING * * *
The yak barely misses you.
Unknown command.
The yak attacks as you move away! The yak gores you.
* * * LOW HITPOINT WARNING * * *
The yak attacks as you move away! The yak gores you!
You die...

#.<..##########
#....##....<..#
#..............
#######........
##........
#.........
##.......#
##§v.....#
#.@v......
#YYY......
#.........
#Y.......#
#.######## #Y#
#o# #.# #.##


You could see 5 yaks and an orc.

Vanquished Creatures
  A wyvern (D:6)
  A water moccasin (D:6)
  A black bear (D:6)
  An ice beast (D:6)
  2 ogres
  A phantom (D:5)
  A gnoll sergeant (D:5)
  A bullfrog (D:5)
  A scorpion (D:4)
  A necrophage (D:3)
  3 wights (D:6)
  A howler monkey (D:5)
  A centaur zombie (Ossuary)
  2 jellies
  An orc priest (D:6)
  3 hounds
  Jessica (D:3)
  4 iguanas
  5 orc wizards
  Natasha (thrice) (D:3)
  5 mummies (Ossuary)
  7 gnolls
  10 adders
  A white imp (D:6)
  3 worms
  3 dart slugs
  16 orcs
  9 ball pythons
  5 bats
  7 endoplasms
  6 goblins
  7 hobgoblins
  5 jackals
  2 quokkas (D:1)
  4 frilled lizards
  4 hobgoblin zombies (Ossuary)
  A kobold (D:2)
  10 rats
140 creatures vanquished.

Vanquished Creatures (others)
  597 foxfires
597 creatures vanquished.

Grand Total: 737 creatures vanquished

Notes
Turn   | Place    | Note
-------+----------+-------------------------------------------
     0 | D:1      | gruber the Gargoyle Fire Elementalist began the quest for
                  | the Orb.
     0 | D:1      | Reached XP level 1. HP: 10/10 MP: 3/3
   235 | D:1      | Reached XP level 2. HP: 15/15 MP: 0/5
   561 | D:1      | Reached XP level 3. HP: 19/19 MP: 2/6
  1096 | D:1      | Found Yttoimuf's Antique Weapon Emporium.
  1285 | D:2      | Learned a level 2 spell: Scorch
  2007 | D:2      | Reached XP level 4. HP: 21/24 MP: 1/7
  2505 | D:2      | Found a faded altar of an unknown god.
  3375 | D:3      | Found a large runed translucent door.
  3376 | D:3      | Found a large runed translucent door.
  3379 | D:3      | Noticed Natasha
  3386 | D:3      | Killed Natasha
  3477 | D:3      | Noticed Natasha
  3482 | D:3      | Killed Natasha
  3483 | D:3      | Reached XP level 5. HP: 23/28 MP: 3/9
  3490 | D:3      | Noticed Natasha
  3496 | D:3      | Killed Natasha
  3496 | D:3      | Noticed Jessica
  3505 | D:3      | Killed Jessica
  3756 | D:3      | Noticed Sigmund
  4041 | D:4      | Reached XP level 6. HP: 25/32 MP: 6/11
  4369 | D:4      | Reached skill level 5 in Fire Magic
  4794 | D:3      | Reached XP level 7. HP: 36/36 MP: 5/13
  5242 | D:5      | Entered Level 5 of the Dungeon
  5431 | D:5      | Found a sand-covered staircase.
  5438 | Ossuary  | Entered an ossuary
  5660 | Ossuary  | Reached skill level 5 in Spellcasting
  6085 | D:5      | Reached XP level 8. HP: 39/41 MP: 11/15
  6160 | D:5      | Reached skill level 5 in Conjurations
  6791 | D:5      | Found a shimmering blue altar of Sif Muna.
  6936 | D:6      | Found Caof Tio's Antique Armour Emporium.
  6973 | D:6      | Found Xokanuys's Magic Scroll Shop.
  7200 | D:6      | Found an ancient bone altar of Kikubaaqudgha.
  7383 | D:6      | Found Kivuqaurumn's Magic Scroll Boutique.
  7575 | D:6      | Reached XP level 9. HP: 33/45 MP: 7/16
  7699 | D:6      | Reached skill level 5 in Shields
  7854 | D:6      | Found Illalaed's General Store.
  7865 | D:6      | Learned a level 4 spell: Flame Wave
  8178 | D:6      | Found Weyhilog's Weapon Emporium.
  8391 | D:7      | Slain by a yak

Illustrated notes

Levels and vault maps discovered:
D:1:      lightli_iron_boxes, layout_rooms, serial_shops, shop_fountains,
          chequers_serial_rivers_micro_d, reono_crystal_passage,
          minmay_pentomino_r2
D:2:      layout_basic, hellmonk_ecumenical_altar_zigzags
D:3:      layout_rooms, jmf_multi_god_temple2, uniq_sigmund, uniq_jessica,
          uniq_natasha
D:4:      layout_cave_pools
D:5:      layout_loops_ring, lemuel_blue_sif_altar,
          nicolae_ossuary_entry_monument
D:6:      layout_loops_ring, mainiacjoe_overflow_paths, serial_shops, shop,
          nicolae_diamond_shop, nicolae_shop_hallway_stairs, shop, shop_statue
D:7:      layout_gridville, nicolae_hepliaklqana_hazy_memory,
          kennysheep_mini_moat, mainiacjoe_overflow_small_starburst,
          temple_doors_e, gammafunk_ghost_grave, grunt_ministairs_5,
          uniq_prince_ribbit1, uniq_menkaure

Skill      XL: |  1  2  3  4  5  6  7  8  9 |
---------------+----------------------------+-----
Conjurations   | 2 3 4 5 6 |  6.2
Fire Magic     | 4 5 6 |  6.9
Spellcasting   | 3 4 5 |  5.0
Shields        | 4 5 |  5.8
Long Blades    | |  0.2
Axes           | |  0.2
Maces & Flails | |  0.2
Polearms       | |  0.4
Staves         | |  0.2
Ranged Weapons | |  0.2
Throwing       | |  0.2
Dodging        | |  1.5
Stealth        | |  2.1
Hexes          | |  0.2
Summonings     | |  0.2
Necromancy     | |  0.2
Translocations | |  0.2
Transmutations | |  0.1
Ice Magic      | |  0.5
Air Magic      | |  0.1
Earth Magic    | |  0.4
Poison Magic   | |  0.3
Invocations    | |  0.4
Evocations     | |  0.2

Action                   |  1- 3 |  4- 6 |  7- 9 || total
-------------------------+-------+-------+-------++-------
Melee: Unarmed           |    35 |     4 |       ||    39
       Dagger            |       |    11 |    24 ||    35
       Punch             |       |       |     1 ||     1
       Long sword        |       |       |     8 ||     8
 Cast: Foxfire           |    89 |   118 |   142 ||   349
       Scorch            |     2 |    10 |    52 ||    64
 Stab: Sleeping          |       |       |     1 ||     1
Armor: Robe              |    32 |    12 |    26 ||    70
Dodge: Dodged            |    49 |    17 |    32 ||    98
Block: Buckler           |       |       |     4 ||     4

Table legend: (Time is in decaauts)
 A = Elapsed time spent in this place.
 B = Non-inter-level travel time spent in this place.
 C = Inter-level travel time spent in this place.
 D = Time resting spent in this place.
 E = Time spent auto-exploring this place.
 F = Levels seen in this place.
 G = Mean time per level.
                   A        B        C        D        E       F      G
               +--------+--------+--------+--------+--------+-----+--------+
         Total |   8385 |   8166 |    219 |    104 |   6856 |   8 | 1048.1 |
       Dungeon |   7928 |   7709 |    219 |    104 |   6468 |   7 | 1132.6 |
       Ossuary |    456 |    456 |      0 |      0 |    388 |   1 |  456.0 |
               +--------+--------+--------+--------+--------+-----+--------+

Top non-repeatable levels by time:
     D:2: 2137 daAuts
     D:6: 1533 daAuts
     D:1: 1170 daAuts
     D:5: 1093 daAuts
     D:3: 1010 daAuts
     D:4: 943 daAuts
 Ossuary: 456 daAuts
     D:7: 39 daAuts
